 Dungeon Crawl Stone Soup version 0.16-a0-3636-gf0307c9 (webtiles) character file.

42 Firos the Insei (level 3, -1/18 HPs)
             Began as a Vine Stalker Transmuter on Jan 15, 2015.
             Slain by a gnoll
             ... wielding a +0 short sword
              (7 damage)
             ... on level 2 of the Dungeon.
             The game lasted 00:02:32 (1519 turns).

Firos the Insei (Vine Stalker Transmuter)           Turns: 1519, Time: 00:02:32

Health: -1/18      AC:  2    Str: 12    XL:     3   Next: 54%
Magic:  0/8        EV: 12    Int: 14    God:
Gold:   65         SH:  0    Dex: 14    Spells: 3 memorised, 2 levels left

rFire  . . .     SeeInvis .       - Unarmed
rCold  . . .     Clarity  .     c - +0 robe
rNeg   . . .     SustAb   .     (no shield)
rPois  .         Gourm    .     (no helmet)
rElec  .         Spirit   +     (no cloak)
rCorr  .         Warding  .     (no gloves)
rMut   .         Stasis   .     (no boots)
MR     .....                    (no amulet)
Stlth  +.........               (no ring)
                                (no ring)

@: very slightly contaminated, not resistant to hostile enchantments, very
unstealthy
A: fangs 2, regeneration 1, magic shield, antimagic bite, no device heal 3, rot
immunity
a: no special abilities


You were on level 2 of the Dungeon.
You were very hungry.

You visited 1 branch of the dungeon, and saw 2 of its levels.

You collected 65 gold pieces.

Inventory:

Missiles
 b - 10 arrows
Armour
 c - a +0 robe (worn)
Potions
 h - a potion of cure mutation
 j - a potion of haste
 m - a potion of agility {unknown}
Books
 d - a book of Changes

   Spells                             Type                      Level
   a - Beastly Appendage              Transmutation                1
   b - Sticks to Snakes               Transmutation                2
   c - Spider Form                    Transmutation/Poison         3
   d - Ice Form                       Ice/Transmutation            4
   e - Blade Hands                    Transmutation                5
Comestibles
 a - a bread ration
 k - a royal jelly
 l - a meat ration


   Skills:
 + Level 1.3 Fighting
 - Level 1.5 Dodging
 + Level 3.2 Unarmed Combat
 * Level 3.0 Spellcasting
 * Level 2.4 Transmutations


You had 2 spell levels left.
You knew the following spells:

 Your Spells              Type           Power        Failure   Level  Hunger
a - Beastly Appendage     Trmt           #.....       10%         1    #......
b - Sticks to Snakes      Trmt           #.........   14%         2    ##.....
c - Spider Form           Trmt/Pois      #.........   38%         3    ###....


Dungeon Overview and Level Annotations

Branches:
Dungeon (2/15)

Altars:
Gozag


Innate Abilities, Weirdness & Mutations

You have extremely sharp teeth.
Your natural rate of healing is unusually fast.
When hurt, damage is shared between your health and your magic reserves.
Your bite disrupts and absorbs the magic of your enemies.
Potions and wands cannot restore your health.
You are immune to rotting.


Message History

Your hands glow momentarily.
You are feeling very hungry.
The gnoll hits you with a short sword.
You barely miss the gnoll. The gnoll hits you with a short sword!
You barely miss the gnoll. The gnoll closely misses you.
You hit the gnoll. You bite the gnoll, but do no damage.
The gnoll is moderately wounded.
The gnoll hits you with a short sword.
You closely miss the gnoll. You bite the gnoll, but do no damage.
The gnoll is moderately wounded.
You hit the gnoll. Your bite misses the gnoll.
The gnoll is moderately wounded.
The gnoll barely misses you.
You barely miss the gnoll.
The gnoll is moderately wounded.
The gnoll hits you with a short sword.
You closely miss the gnoll. You bite the gnoll, but do no damage.
The gnoll is moderately wounded.
The gnoll hits you with a short sword!
You die...

##...## ###.# #.#
######## #.########
#......# #........###
#.####.### #..#.......#
#.##.....###[.#...#.#.#
#.#......##..g##.##.#.#
#.#...........@..##.#.#
#.#......##...#####.#.#
#.#......###..# #.#.#
#.....†### #..#####.#.#
##.##### #........#.#
#.# ##'########.####
#.# ##...## #....# #.#
##.....## #....# ##.##
##.......## ##...#


You could see a gnoll.

Vanquished Creatures
  A gnoll (D:2)
  An adder (D:2)
  A giant gecko (D:1)
  A hobgoblin (D:1)
  3 jackals (D:1)
  4 kobolds
  A quokka (D:1)
  A ball python (D:2)
  A giant newt (D:1)
  3 goblins
  2 rats
19 creatures vanquished.

Vanquished Creatures (collateral kills)
  Terence (D:2)
1 creature vanquished.

Grand Total: 20 creatures vanquished

Notes
Turn   | Place    | Note
--------------------------------------------------------------
     0 | D:1      | Firos, the Vine Stalker Transmuter, began the quest for the Orb.
     0 | D:1      | Reached XP level 1. HP: 9/9 MP: 3/3
    96 | D:1      | Reached skill level 1 in Fighting
   295 | D:1      | Reached XP level 2. HP: 7/14 MP: 6/6
   325 | D:1      | Learned a level 2 spell: Sticks to Snakes
  1204 | D:2      | Found an opulent altar of Gozag.
  1205 | D:2      | Noticed Terence
  1236 | D:2      | Killed Terence
  1371 | D:2      | Reached XP level 3. HP: 18/18 MP: 7/7
  1376 | D:2      | Learned a level 3 spell: Spider Form
  1519 | D:2      | Slain by a gnoll

Action                   || total
-------------------------++-------
Melee: Unarmed           ||    56
 Cast: Sticks to Snakes  ||     2
       Spider Form       ||     1
  Use: Scroll            ||     5
 Stab: Sleeping          ||     1
  Eat: Chunk             ||     1
